 Dungeon Sprint DCSS version 0.24-a0-127-gfc1eed5 (webtiles) character file.

Game seed: 7784593076484060148

189 Faca the Spear-Bearer (level 5, -11/52 HPs)
             Began as a Merfolk Gladiator on Feb 26, 2019.
             Was an Elder of the Shining One.
             Mangled by a +4 halberd of protection (16 damage)
             ... in the Dungeon (Sprint V: "Ziggurat Sprint").
             The game lasted 00:02:25 (235 turns).

Faca the Spear-Bearer (Merfolk Gladiator)            Turns: 235, Time: 00:02:25

Health: -11/52     AC: 19    Str: 14    XL:     5   Next: 68%
Magic:  5/5        EV:  5    Int:  7    God:    the Shining One [****..]
Gold:   0          SH: 12    Dex: 17    Spells: 4/4 levels left

rFire    + . .     SeeInvis .   L - +8 lance "Wyrmbane" {slay drac, rPois rF+ rC+ AC+3}
rCold    + . .     Gourm    .   o - +3 shield
rNeg     + + .     Faith    .   l - +5 shadow dragon scales
rPois    +         Spirit   .   c - +0 helmet
rElec    .         Reflect  .   (no cloak)
rCorr    .         Harm     .   (no gloves)
MR       .....     NoTele   +   (no boots)
Stlth    +.........             (no amulet)
HPRegen  0.17/turn              (no ring)
MPRegen  0.09/turn              (no ring)

@: glowing
A: change form in water, swift swim, stealthy swim
a: Divine Shield, Cleansing Flame, Renounce Religion


You were in the Dungeon.
You worshipped the Shining One.
The Shining One was greatly pleased with you.
You were not hungry.

You visited 1 branch

Inventory:

Hand Weapons
 p - a +5 demon trident
 L - the +8 lance "Wyrmbane" (weapon) {slay drac, rPois rF+ rC+ AC+3}
   (You found it in the Dungeon)

   It affects your AC (+3).
   It protects you from fire.
   It protects you from cold.
   It protects you from poison.
Missiles
 d - 3 throwing nets (quivered)
Armour
 c - a +0 helmet (worn)
 l - +5 shadow dragon scales (worn)
 n - a +3 large shield
 o - a +3 shield (worn)
Jewellery
 F - a +6 ring of dexterity
 K - a +6 ring of strength
Wands
 y - a wand of disintegration (7)
 D - a wand of iceblast (7)
 E - a wand of acid (7)
Scrolls
 k - 4 scrolls of blinking
 r - 7 scrolls of fog
 s - a scroll of holy word
 t - 5 scrolls of identify
 u - 5 scrolls of remove curse
 v - 2 scrolls of fear
Potions
 e - 10 potions of curing
 g - 9 potions of heal wounds
 h - 6 potions of haste
 j - 3 potions of berserk rage
 w - 2 potions of brilliance
 z - 4 potions of resistance
 B - 5 potions of agility
 C - 5 potions of might
Comestibles
 f - 7 rations


   Skills:
 + Level 9.0 Fighting
 + Level 11.9 Polearms
 - Level 2.0 Throwing
 - Level 4.0 Dodging
 - Level 4.0 Shields


You had 4 spell levels left.
You didn't know any spells.
Your spell library was empty.

Dungeon Overview and Level Annotations

Branches:
Dungeon (1/1)

Altars:
Ashenzari
Cheibriados
Dithmenos
Elyvilon
Fedhas
Gozag
Hepliaklqana
Kikubaaqudgha
Makhleb
Nemelex Xobeh
Okawaru
Qazlal
Ru
Sif Muna
Trog
Uskayaw
Vehumet
Wu Jian
Xom
Yredelemnul
Zin
The Shining One
Beogh
Jiyva
Lugonu

Annotations:
D 1 transporter


Message History

Attack whom?
Press: ? - help, Dir - move target cursor, f/p - +4 halberd of protection
Aim: a +4 halberd of protection, a +4 halberd of protection (haloed)
You reach to attack!
You hit the +4 halberd of protection but do no damage.
The +1 flail of holy wrath hits you!
* * * LOW HITPOINT WARNING * * *
The +4 halberd of protection hits you from afar.
* * * LOW HITPOINT WARNING * * *
You feel much better. The +1 flail of holy wrath hits you!
The +4 halberd of protection hits you from afar!
* * * LOW HITPOINT WARNING * * *
The deep elf mage mumbles some strange words.
The deep elf mage barely misses you. The +1 flail of holy wrath hits you.
* * * LOW HITPOINT WARNING * * *
Unknown command.
You puncture the deep elf mage!
The deep elf mage is moderately wounded.
The +4 halberd of protection hits you from afar!
You die...

▓▓▓▓▓▓▓▓▓▓▓▓▓▓▓▓▓▓▓
▓.8©8.▓.8©8.▓.8©8.▓
▓.=}".▓.)}).▓.....▓
▓..Y..▓.....▓.).|.▓
▓..Y..▓.....▓.....▓
▓e(...▓.....▓.....▓
▓.(e..▓.....▓..©..▓
▓.@©..▓..©..▓▓▓▓▓▓▓
▓▓▓▓▓▓▓▓▓▓▓▓▓


You could see 2 deep elf magi, 2 ice beasts and 2 dancing weapons.

Vanquished Creatures
  An ushabti (D)
  A quasit (D)
  2 shadow imps (D)
  A bat zombie (D)
5 creatures vanquished.

Vanquished Creatures (others)
  A spatial maelstrom (D)
1 creature vanquished.

Grand Total: 6 creatures vanquished

Notes
Turn   | Place    | Note
-------+----------+-------------------------------------------
     0 | D        | Found the +6 Majin-Bo {vamp, Archmagi MP+6 Int+6}
     0 | D        | Found the +7 great mace "Firestarter" {inner flame, rF++}
     0 | D        | Faca the Merfolk Gladiator began the quest for the Orb.
     0 | D        | Reached XP level 1. HP: 16/16 MP: 1/1
     3 | D        | Found a blossoming altar of Fedhas.
     3 | D        | Banished a spatial maelstrom
     5 | D        | Found a viscous altar of Jiyva.
     5 | D        | Found a hazy altar of Hepliaklqana.
     5 | D        | Found a transporter.
     5 | D        | Found an opulent altar of Gozag.
     5 | D        | Found an ancient bone altar of Kikubaaqudgha.
     5 | D        | Found a corrupted altar of Lugonu.
    11 | D        | Found a burning altar of Makhleb.
    12 | D        | Found a sacrificial altar of Ru.
    12 | D        | Found a stormy altar of Qazlal.
    12 | D        | Found a deep blue altar of Sif Muna.
    12 | D        | Found an iron altar of Okawaru.
    12 | D        | Found a bloodstained altar of Trog.
    12 | D        | Found a sparkling altar of Nemelex Xobeh.
    29 | D        | Found the +9 heavy crossbow "Sniper" {velocity, Acc+∞ SInv}
    29 | D        | Found the +10 dark maul {crush}
    29 | D        | Found the +15 Maxwell's patent armour {-Cast -Tele rElec
                  | MR+ rCorr}
    29 | D        | Found the +18 shield of the Gong {rElec rN+ MR+ EV-5}
    29 | D        | Found the cursed +14 obsidian axe {chop, +Fly SInv *Curse}
    30 | D        | Found the +6 shillelagh "Devastator" {shatter}
    30 | D        | Found the +11 plutonium sword {*Contam Stlth-}
    30 | D        | Found the +8 lance "Wyrmbane" {slay drac, rPois rF+ rC+
                  | AC+3}
    30 | D        | Found the +9 sword of Zonguldrok {reap}
    30 | D        | Found the cursed +13 scythe of Curses {drain, *Curse}
    30 | D        | Found the +0 sword of Power
    30 | D        | Found the +7 mace of Variability {chain chaos}
    30 | D        | Found the +7 Singing Sword {slice, sonic wave}
    30 | D        | Found the +7 longbow "Piercer" {penet, EV-2}
    44 | D        | Became a worshipper of the Shining One
    80 | D        | Reached skill level 5 in Fighting
    80 | D        | Reached skill level 7 in Polearms
    80 | D        | Reached XP level 2. HP: 27/27 MP: 2/2
    92 | D        | Entered arena 2.
    92 | D        | Noticed an ushabti
    92 | D        | Found a transporter.
    93 | D        | Reached * piety under the Shining One
   104 | D        | Killed an ushabti
   104 | D        | Reached skill level 11 in Polearms
   104 | D        | Reached XP level 3. HP: 38/38 MP: 3/3
   104 | D        | Reached XP level 4. HP: 45/45 MP: 4/4
   104 | D        | Reached XP level 5. HP: 51/51 MP: 5/5
   210 | D        | Entered arena 3.
   210 | D        | Reached ** piety under the Shining One
   210 | D        | Found a transporter.
   218 | D        | Reached *** piety under the Shining One
   228 | D        | Entered arena 4.
   228 | D        | Noticed a +4 halberd of protection
   228 | D        | Noticed a deep elf mage
   228 | D        | Noticed a +1 flail of holy wrath
   228 | D        | Reached **** piety under the Shining One
   228 | D        | Noticed a deep elf mage
   228 | D        | Found a transporter.
   230 | D        | Noticed an ice beast
   235 | D        | Noticed an ice beast
   235 | D        | Mangled by a +4 halberd of protection

Levels and vault maps discovered:
D:        sprint_v [room_start, room_1, room_2, room_3, room_4, room_5, room_6,
          room_7, room_8, room_9, room_10, room_11, room_12, room_13, room_14,
          room_15, room_16, room_17, room_18, room_19, room_20, room_21,
          room_22, room_23, room_24, room_25, room_26, room_27]

Skill      XL: |  1  2  3  4  5 |
---------------+----------------+-----
Fighting       | 5 8 9 |  9.0
Polearms       | 7 11 | 11.9
Shields        | 4 |  4.0
Throwing       | |  2.0
Dodging        | |  4.0

Action                   |  1- 3 |  4- 6 || total
-------------------------+-------+-------++-------
Melee: Lance             |    12 |    14 ||    26
  Use: Potion            |     1 |     1 ||     2
Armor: Shadow dragon sca |     1 |     6 ||     7
Dodge: Dodged            |       |     2 ||     2
Block: Shield            |     2 |     6 ||     8

Table legend:
 A = Non-vault XP
 B = Vault XP
 C = Vault XP percentage of total XP
 D = Non-vault monster count
 E = Vault monster count
 F = Vault count percentage of total count
                 A         B        C        D         E       F
            +---------+---------+-------+---------+---------+-------
      Total |       0 |     261 | 100.0 |       0 |       5 | 100.0
            +---------+---------+-------+---------+---------+-------
          D |       0 |     261 | 100.0 |       0 |       5 | 100.0
            +---------+---------+-------+---------+---------+-------
